Map: Cerulean Fall LE

Players

Yocto

  • Race: Zerg Zerg
  • Spawn Location: 7:00

idfgot - Winner!

  • Race: Protoss Protoss
  • League: Platinum
  • Spawn Location: 1:00

VOD

Have the link to the VOD?

Description

Time

  • Played on: Dec. 15, 2018, 10:31 a.m.
  • Length: 15:45
Show
View Real Time Build Order
Export as new Build Order

Yocto Zerg 

Build Orders: Pool First, Roach Hydra 

Get SALT Encoding   

  12  0:01  Drone  
  13  0:13  Overlord  
  13  0:18  Drone  
  14  0:33  Drone  
  14  0:34  Drone  
  16  0:36  Drone  
  17  1:00  Spawning Pool  
  17  1:01  Drone  
  17  1:05  Extractor  
  16  1:18  Drone x3  
  19  1:30  Overlord  
  19  1:58  Queen  
  21  2:01  Zergling x4  
  21  2:08  Hatchery  
  22  2:17  Metabolic Boost  
  22  2:22  Drone x2  
  24  2:31  Drone  
  25  2:49  Drone x2  
  27  2:51  Hatchery  
  27  2:56  Drone  
  27  2:57  Queen  
  29  3:07  Overlord  
  29  3:12  Drone  
  30  3:24  Overlord  
  30  3:28  Drone x3  
  30  3:30  Queen  
  35  3:54  Drone x4  
  35  3:55  Drone x3  
  42  4:04  Queen  
  45  4:17  Drone x2  
  46  4:35  Extractor x2  
  46  4:36  Spore Crawler  
  43  4:48  Spore Crawler  
  43  4:49  Lair  
  42  5:00  Roach Warren, Extractor  
  42  5:01  Drone x2  
  42  5:06  Drone x3  
  45  5:11  Overlord  
  45  5:12  Overlord  
  45  5:19  Drone x2  
  45  5:20  Drone  
  48  5:23  Drone x2  
  48  5:27  Overlord x3  
  49  5:41  Roach  
  49  5:42  Roach x7  
  65  5:43  Overlord  
  65  5:44  Overlord x2  
  65  5:53  Roach x2, Spine Crawler  
  65  5:54  Roach  
  70  6:08  Roach x2  
  70  6:09  Roach x4  
  82  6:23  Roach  
  82  6:24  Roach x4  
  92  6:30  Zergling x2  
  93  6:54  Hatchery  
  93  6:56  Hydralisk Den  
  93  7:00  Drone x3  
  94  7:03  Drone  
  94  7:04  Drone x2  
  97  7:24  Evolution Chamber  
  97  7:27  Overlord x3  
  97  7:28  Overlord, Evolution Chamber  
  95  7:41  Muscular Augments  
  95  7:42  Glial Reconstitution  
  95  7:44  Overlord  
  95  7:45  Overlord  
  95  7:55  Hydralisk x5  
  95  7:56  Hydralisk x2  
  109  8:02  Zerg Missile Weapons Level 1  
  109  8:06  Zerg Ground Armor Level 1  
  109  8:11  Drone x3  
  112  8:26  Zergling x4  
  112  8:27  Zergling x12  
  109  8:59  Zergling x12  
  109  9:00  Zergling x10  
  120  9:25  Hatchery  
  67  9:51  Hydralisk  
  67  9:52  Hydralisk x8  
  77  9:56  Grooved Spines  
  73  10:07  Drone x3  
  73  10:08  Drone x2  
  73  10:13  Zerg Missile Weapons Level 2  
  78  10:14  Zerg Ground Armor Level 2  
  78  10:21  Drone x2  
  80  10:35  Baneling Nest  
  80  10:38  Drone x2  
  80  10:39  Queen, Drone x4  
  87  10:51  Lurker Den, Drone  
  87  10:52  Drone  
  88  10:57  Extractor x2  
  88  10:58  Drone x3  
  89  11:19  Hydralisk x7  
  89  11:20  Hydralisk x3  
  109  11:29  Pneumatized Carapace  
  109  11:38  Hydralisk x5  
  109  11:39  Hydralisk  
  121  11:53  Hydralisk  
  123  11:54  Hydralisk  
  125  12:02  Hatchery  
  125  12:07  Hydralisk x3  
  130  12:11  Overlord x2  
  130  12:17  Overseer  
  130  12:25  Overlord x2  
  130  12:37  Hydralisk x5  
  130  12:38  Hydralisk  
  142  12:55  Baneling x2  
  142  12:56  Baneling x7  
  142  12:57  Baneling x3  
  142  13:01  Lurker x3  
  142  13:03  Hydralisk x3  
  151  13:19  Hydralisk x3  
  155  13:48  Hydralisk  
  155  13:49  Hydralisk x5  
  155  13:50  Hydralisk x2  
Show
View Real Time Build Order
Export as new Build Order

idfgot Protoss - Winner!

Build Orders: Oracle Opening 

Get SALT Encoding   

  12  0:00  Probe  
  13  0:13  Probe  
  14  0:22  Pylon  
  14  0:25  Probe  
  15  0:43  Probe  
  16  0:51  Probe  
  17  1:01  Probe  
  18  1:10  Pylon  
  18  1:24  Nexus  
  18  1:27  Gateway  
  18  1:34  Probe  
  18  1:35  Assimilator  
  19  1:46  Gateway  
  19  1:51  Pylon  
  19  1:52  Probe  
  20  2:04  Probe, Assimilator  
  21  2:14  Cybernetics Core  
  21  2:18  Zealot  
  23  2:23  Probe  
  24  2:35  Probe  
  24  2:36  Probe  
  26  2:39  Warp Gate  
  26  2:43  Zealot  
  28  2:47  Probe  
  28  2:48  Probe  
  30  2:52  Pylon  
  30  2:55  Stalker  
  32  3:17  Stargate  
  32  3:19  Gateway  
  32  3:21  Probe  
  32  3:23  Probe  
  34  3:34  Shield Battery  
  34  3:36  Shield Battery  
  34  3:38  Probe  
  34  3:40  Probe  
  36  3:50  Probe  
  36  3:52  Probe  
  36  3:53  Stalker  
  40  3:55  Oracle  
  40  3:59  Stalker  
  45  4:16  Probe x2  
  47  4:18  Assimilator  
  47  4:20  Assimilator  
  47  4:25  Stalker  
  47  4:27  Stalker  
  51  4:40  Pylon  
  51  4:42  Twilight Council  
  51  4:44  Probe x2  
  53  4:56  Probe, Pylon  
  53  4:58  Probe  
  53  4:59  Gateway  
  55  5:09  Pylon  
  55  5:12  Pylon  
  55  5:25  Zealot x2  
  55  5:26  Stalker  
  61  5:31  Charge  
  61  5:44  Probe x2  
  63  5:56  Dark Shrine, Probe  
  63  5:57  Probe  
  65  5:58  Gateway  
  65  5:59  Gateway  
  65  6:09  Probe x2  
  67  6:22  Void Ray  
  67  6:36  Stargate  
  67  6:37  Stargate  
  67  6:39  Pylon  
  65  6:41  Sentry x2  
  65  6:43  Zealot x2  
  71  6:53  Zealot  
  73  6:54  Zealot  
  73  6:59  Probe  
  76  7:05  Forge  
  76  7:06  Forge  
  76  7:08  Pylon  
  76  7:16  Void Ray  
  76  7:19  Zealot x2  
  76  7:20  Zealot x2  
  76  7:22  Zealot  
  90  7:37  Void Ray  
  90  7:38  Void Ray  
  98  7:53  Protoss Ground Weapons Level 1, Protoss Ground Armor Level 1  
  95  7:59  Void Ray  
  99  8:07  Nexus  
  99  8:39  Void Ray  
  101  8:42  Void Ray  
  83  8:50  Zealot  
  83  8:51  Zealot x5  
  95  9:04  Robotics Facility  
  95  9:05  Probe x2  
  97  9:13  Dark Templar  
  97  9:14  Dark Templar  
  101  9:17  Probe  
  85  9:37  Dark Templar x2  
  78  9:48  Dark Templar x2  
  80  10:03  Protoss Shields Level 1  
  80  10:05  Protoss Ground Armor Level 2  
  80  10:06  Probe  
  80  10:07  Probe x2  
  83  10:16  Blink  
  83  10:17  Zealot  
  83  10:18  Probe, Zealot x3  
  83  10:19  Probe  
  93  10:28  Stalker  
  93  10:30  Stalker  
  93  10:31  Probe  
  98  10:39  Probe x2  
  100  10:50  Pylon  
  100  10:53  Pylon  
  100  10:55  Probe x3  
  100  10:56  Assimilator  
  103  11:13  Robotics Facility  
  103  11:16  Robotics Bay  
  103  11:22  Protoss Air Weapons Level 1  
  103  11:24  Dark Templar x2  
  103  11:25  Zealot x3  
  113  11:44  Dark Templar  
  115  11:51  Probe x2  
  115  11:52  Probe  
  118  11:58  Assimilator  
  118  12:03  Probe  
  118  12:04  Probe x2  
  118  12:07  Colossus  
  127  12:09  Nexus  
  127  12:10  Colossus  
  133  12:19  Pylon  
  133  12:21  Pylon  
  133  12:22  Pylon  
  133  12:37  Shield Battery  
  133  12:38  Shield Battery  
  133  12:40  Shield Battery, Pylon  
  133  12:42  Probe, Pylon, Shield Battery  
  134  12:46  Pylon  
  134  12:47  Dark Templar  
  134  12:48  Dark Templar  
  138  12:52  Extended Thermal Lance  
  138  13:00  Colossus  
  138  13:02  Colossus  
  150  13:22  Probe  
  150  13:23  Probe x3  
  153  13:40  Dark Templar x3  
  156  13:41  Zealot x2  
  144  14:23  Pylon  
  138  14:28  Pylon  
  129  14:31  Pylon  
  129  14:50  Pylon  
  129  14:51  Pylon x2  
  126  14:52  Pylon  
  126  14:56  Pylon  
  121  15:12  Zealot x5  
  129  15:28  Nexus  
Tags
 
Composition
Roach Hydra
League
Platinum
Matchup
PvZ
Replay Pack
Yocto
Spawn Locations
Cross Positions
Add a new tag
Caveats
  • Supply blocks, unpowered buildings, or Contaminate may cause inaccurate times.
  • Supply counts are checked every 10 seconds.